Map: Catalyst LE

Players

KapPaKing

  • Race: Zerg Zerg
  • League: Master
  • Spawn Location: 5:00

FLORENCIO - Winner!

  • Race: Protoss Protoss
  • League: Master
  • Spawn Location: 11:00

VOD

Have the link to the VOD?

Description

Time

  • Played on: Feb. 21, 2018, 10:01 p.m.
  • Length: 16:01
Show
View Real Time Build Order
Export as new Build Order

KapPaKing Zerg 

Build Orders: Pool First 

Get SALT Encoding   

  12  0:01  Drone  
  13  0:14  Overlord  
  13  0:17  Drone  
  14  0:32  Drone x2  
  16  0:38  Drone  
  17  0:47  Spawning Pool  
  17  0:48  Extractor  
  15  0:50  Drone  
  16  0:58  Drone  
  17  1:09  Drone  
  18  1:38  Spine Crawler  
  17  1:41  Hatchery  
  17  1:44  Spine Crawler  
  15  1:53  Roach Warren  
  14  1:56  Drone  
  14  2:00  Drone  
  16  2:08  Drone  
  17  2:21  Drone x2  
  19  2:32  Queen  
  21  2:38  Overlord  
  22  2:58  Hatchery, Roach x2  
  26  3:03  Roach  
  27  3:12  Roach  
  29  3:22  Ravager  
  30  3:28  Hatchery  
  30  3:30  Ravager  
  30  3:36  Overlord  
  30  3:41  Extractor  
  29  3:47  Ravager  
  30  3:55  Ravager  
  31  4:04  Drone  
  31  4:05  Drone x2  
  34  4:34  Drone x3  
  39  4:45  Hatchery  
  39  4:51  Spore Crawler  
  39  4:52  Drone  
  30  5:16  Lair  
  30  5:17  Queen  
  30  5:19  Drone x4  
  37  5:28  Drone x2  
  37  5:32  Drone x2  
  40  5:45  Overlord x2  
  40  6:12  Drone  
  40  6:13  Drone x9  
  50  6:26  Spore Crawler  
  50  6:27  Spore Crawler  
  47  6:40  Drone x2  
  47  6:46  Hydralisk Den  
  48  6:48  Queen  
  48  6:51  Hatchery  
  49  6:58  Drone x4  
  49  6:59  Drone x2  
  55  7:07  Overlord  
  55  7:16  Hydralisk  
  55  7:17  Overlord  
  55  7:18  Extractor, Overlord  
  55  7:20  Extractor, Muscular Augments  
  55  7:37  Extractor  
  55  7:38  Hydralisk x3  
  55  7:39  Hydralisk  
  55  7:40  Spire  
  55  7:42  Extractor  
  60  7:44  Hydralisk x2  
  60  7:47  Hydralisk  
  66  8:01  Hydralisk  
  66  8:02  Hydralisk x2  
  69  8:11  Hydralisk x3  
  72  8:20  Drone x4  
  72  8:26  Queen, Drone  
  79  8:37  Drone x5  
  84  8:45  Overseer, Queen  
  86  8:54  Drone x2  
  88  8:56  Overlord  
  88  9:18  Hatchery, Mutalisk  
  88  9:19  Hatchery  
  88  9:22  Mutalisk  
  90  9:32  Overlord x2  
  90  9:44  Mutalisk x3  
  90  9:49  Mutalisk  
  90  9:50  Mutalisk x2  
  96  9:56  Mutalisk  
  96  9:57  Mutalisk  
  94  10:02  Mutalisk  
  94  10:08  Mutalisk x2  
  94  10:11  Mutalisk  
  100  10:17  Mutalisk  
  100  10:20  Drone x2  
  104  10:23  Mutalisk  
  106  10:35  Hydralisk x3  
  112  10:46  Hydralisk x2  
  116  10:57  Hydralisk  
  116  11:01  Overlord x3  
  118  11:08  Spore Crawler  
  118  11:10  Overlord, Drone  
  118  11:17  Evolution Chamber x2, Queen  
  118  11:20  Corruptor  
  118  11:21  Hydralisk  
  122  11:28  Hydralisk x2  
  126  11:49  Hydralisk x3  
  126  11:50  Hydralisk x4  
  140  11:58  Drone x5  
  140  11:59  Drone  
  146  12:05  Hydralisk x2  
  132  12:28  Hydralisk x2  
  132  12:29  Hydralisk x5  
  130  12:36  Drone x5  
  137  12:48  Mutalisk x2  
  141  12:51  Overlord x2  
  135  12:58  Hydralisk  
  135  12:59  Hydralisk x2  
  135  13:01  Hydralisk  
  135  13:02  Overlord  
  111  13:16  Hydralisk  
  111  13:17  Hydralisk x2  
  115  13:20  Drone x7  
  122  13:38  Drone x11  
  133  13:46  Corruptor  
  133  13:48  Corruptor  
  137  13:59  Hydralisk x4  
  143  14:10  Overlord x4  
  143  14:16  Overlord  
  143  14:17  Overlord x2  
  143  14:23  Overseer  
  143  14:29  Overlord x3  
  130  14:46  Corruptor  
  130  14:47  Corruptor x7  
  134  15:04  Overlord x4  
  127  15:17  Overlord x4  
  127  15:18  Overlord  
  117  15:23  Hydralisk x4  
  117  15:25  Hydralisk  
  104  15:30  Corruptor  
Show
View Real Time Build Order
Export as new Build Order

FLORENCIO Protoss - Winner!

Build Orders: Cannon Rush 

Get SALT Encoding   

  12  0:01  Probe  
  13  0:13  Probe (Chrono Boost)  
  14  0:19  Pylon  
  14  0:25  Probe (Chrono Boost)  
  15  0:36  Probe (Chrono Boost)  
  15  0:41  Forge  
  16  0:46  Probe  
  17  0:58  Probe  
  18  1:07  Pylon  
  18  1:08  Pylon  
  18  1:10  Pylon  
  18  1:27  Photon Cannon  
  18  1:30  Pylon x2  
  18  1:32  Pylon  
  18  1:38  Photon Cannon  
  18  1:42  Photon Cannon  
  18  1:54  Gateway  
  18  1:59  Probe  
  19  2:04  Photon Cannon  
  19  2:11  Assimilator  
  19  2:15  Assimilator  
  19  2:26  Pylon  
  19  2:32  Probe  
  20  2:44  Photon Cannon  
  20  2:45  Photon Cannon, Probe  
  21  3:01  Probe (Chrono Boost)  
  21  3:02  Cybernetics Core  
  22  3:10  Probe (Chrono Boost)  
  23  3:15  Probe (Chrono Boost)  
  24  3:29  Nexus  
  24  3:33  Zealot (Chrono Boost)  
  26  3:39  Stargate  
  26  3:47  Shield Battery  
  26  3:56  Photon Cannon  
  26  4:12  Stargate  
  26  4:19  Void Ray (Chrono Boost)  
  30  4:29  Pylon, Shield Battery  
  29  4:41  Probe  
  29  4:43  Probe  
  31  4:53  Probe  
  31  4:55  Probe  
  31  4:57  Void Ray (Chrono Boost)  
  36  5:26  Void Ray  
  40  5:30  Probe  
  40  5:32  Probe  
  42  5:42  Probe  
  43  5:44  Probe  
  43  5:45  Pylon  
  44  6:03  Void Ray  
  48  6:04  Probe (Chrono Boost)  
  48  6:09  Assimilator  
  48  6:11  Assimilator  
  49  6:13  Probe (Chrono Boost)  
  44  6:38  Void Ray (Chrono Boost)  
  49  6:41  Probe (Chrono Boost)  
  49  6:44  Probe (Chrono Boost)  
  49  6:45  Photon Cannon  
  49  6:46  Shield Battery  
  50  6:50  Probe (Chrono Boost)  
  50  6:53  Probe (Chrono Boost)  
  50  6:54  Fleet Beacon  
  52  6:55  Probe (Chrono Boost)  
  53  7:03  Probe  
  53  7:07  Photon Cannon, Probe  
  55  7:16  Probe  
  56  7:32  Nexus  
  56  7:34  Pylon  
  56  7:51  Probe  
  56  7:52  Probe  
  58  8:03  Probe  
  58  8:04  Probe  
  60  8:16  Probe  
  61  8:24  Pylon  
  61  8:25  Pylon  
  61  8:28  Photon Cannon  
  61  8:29  Photon Cannon, Probe  
  61  8:32  Photon Cannon  
  62  8:39  Carrier (Chrono Boost), Assimilator  
  62  8:40  Carrier (Chrono Boost)  
  62  8:42  Probe x2, Assimilator  
  62  8:44  Photon Cannon  
  62  8:47  Pylon  
  76  8:54  Probe  
  77  9:12  Graviton Catapult (Chrono Boost)  
  77  9:22  Probe  
  77  9:23  Probe  
  79  9:34  Stargate, Probe  
  79  9:35  Stargate  
  79  9:36  Probe  
  81  10:00  Carrier x2  
  81  10:04  Pylon  
  81  10:05  Pylon  
  81  10:07  Pylon  
  93  10:17  Pylon  
  93  10:18  Protoss Shields Level 1  
  93  10:21  Carrier  
  93  10:23  Carrier  
  93  10:25  Pylon  
  93  10:27  Pylon  
  105  10:38  Protoss Air Weapons Level 1  
  105  10:41  Shield Battery  
  105  10:42  Shield Battery  
  105  10:44  Photon Cannon  
  101  11:01  Pylon  
  101  11:13  Probe  
  102  11:21  Mothership  
  102  11:24  Pylon  
  102  11:25  Pylon, Probe  
  111  11:28  Photon Cannon  
  111  11:29  Photon Cannon  
  111  11:32  Photon Cannon  
  98  12:16  Photon Cannon  
  98  12:19  Photon Cannon  
  80  12:28  Carrier x2 (Chrono Boost)  
  94  12:59  Carrier (Chrono Boost)  
  94  13:27  Probe  
  94  13:33  Probe  
  96  13:38  Carrier (Chrono Boost)  
  96  13:39  Probe  
  103  13:45  Probe  
  104  13:51  Probe  
  104  13:54  Void Ray  
  109  14:14  Carrier  
Tags
 
Add a new tag
Caveats
  • Supply blocks, unpowered buildings, or Contaminate may cause inaccurate times.
  • Supply counts are checked every 10 seconds.